 Dungeon Crawl Stone Soup version 0.28-a0-863-g8cecda6153 (webtiles) character file.

Game seed: 10007473236669681907

770 freelancePsychic the Cutter (level 7, -3/38 HPs)
             Began as a Vine Stalker Fighter on Nov 17, 2021.
             Was an Initiate of Cheibriados.
             Slain by a gnoll (4 damage)
             ... on level 5 of the Dungeon.
             The game lasted 00:09:30 (3716 turns).

freelancePsychic the Cutter (Vine Stalker Fighter)  Turns: 3716, Time: 00:09:30

Health: -3/38      AC:  3    Str: 22    XL:     7   Next: 83%
Magic:  0/17       EV: 11    Int:  9    God:    Cheibriados [......]
Gold:   1456       SH:  4    Dex: 14    Spells: 6/6 levels left

rFire   . . .      SeeInvis .   b - +0 dagger (venom)
rCold   . . .      Faith    .   c - +0 buckler
rNeg    . . .      Spirit   +   (no armour)
rPois   .          Reflect  .   i - +0 helmet
rElec   .          Harm     .   h - +0 cloak
rCorr   .          Rampage  .   s - +0 pair of gloves
Will    .....                   (no boots)
Stlth   +.........              (no amulet)
HPRegen 1.12/turn               g - ring of magical power
MPRegen 0.15/turn               (no ring)

@: very slow
A: fangs 2, regeneration 1, magic shield, antimagic bite, no potion heal 2
a: Renounce Religion


You were on level 5 of the Dungeon.
You worshipped Cheibriados.
Cheibriados was noncommittal.
You visited 1 branch of the dungeon, and saw 5 of its levels.

You collected 1456 gold pieces.

Inventory:

Hand Weapons
 b - a +0 dagger of venom (weapon)
Armour
 c - a +0 buckler (worn)
 f - a +0 chain mail
 h - a +0 cloak (worn)
 i - a +0 helmet (worn)
 o - a +0 plate armour
 s - a +0 pair of gloves (worn)
Jewellery
 g - a ring of magical power (left hand)
Wands
 a - a wand of polymorph (1) (quivered)
Scrolls
 j - a scroll of immolation
 k - 2 scrolls of blinking
 l - a scroll of fog
 m - 2 scrolls of torment
 q - a scroll of summoning
 r - a scroll of noise
Potions
 d - a potion of might
 e - a potion of degeneration {unknown}
 n - 2 potions of curing {unknown}
 p - a potion of brilliance {unknown}


   Skills:
 + Level 4.7 Fighting
 * Level 5.9 Short Blades
 + Level 3.9 Armour
 - Level 2.6 Shields


You had 6 spell levels left.
You didn't know any spells.
Your spell library contained the following spells:

 Spells                   Type           Power      Damage    Failure   Level
 Ensorcelled Hibernation  Hex/Ice        0%         N/A       58%         2
 Tukima's Dance           Hex            0%         N/A       82%         3


Dungeon Overview and Level Annotations

Branches:
Dungeon (5/15)
 Temple: D:4-7

Altars:
Cheibriados
Gozag
Qazlal
Sif Muna

Annotations:
D:3 1 runed translucent door, Crazy Yiuf


Innate Abilities, Weirdness & Mutations

You have extremely sharp teeth.
Your natural rate of healing is unusually fast.
When hurt, damage is shared between your health and your magic reserves.
Your bite disrupts and absorbs the magic of your enemies.
Potions cannot restore your health.


Message History

The gnoll barely misses you. The gnoll misses you.
The gnoll hits you with a +0 whip.
There is a stone staircase leading up here.
You hit the gnoll. Your bite misses the gnoll.
The gnoll is heavily wounded.
The gnoll barely misses you. The gnoll hits you with a +0 flail.
The gnoll hits you with a +0 whip.
You closely miss the gnoll. You bite the gnoll. You drain its power.
You feel invigorated.
The gnoll is almost dead.
You block the gnoll's attack. The gnoll hits you with a +0 flail!
You closely miss the gnoll. Your bite misses the gnoll.
The gnoll is almost dead.
The gnoll hits you with a +0 whip. The gnoll closely misses you.
You closely miss the gnoll. You bite the gnoll.
You kill the gnoll!
Cheibriados appreciates the change of pace.
The gnoll hits you with a +0 flail! The gnoll hits you with a +0 whip.
You hit the gnoll. Your bite misses the gnoll.
The gnoll is moderately wounded.
The gnoll hits you with a +0 flail!
* * * LOW HITPOINT WARNING * * *
The gnoll barely misses you.
You barely miss the gnoll. You bite the gnoll. You drain its power.
You feel invigorated.
The gnoll is heavily wounded.
You hit the gnoll. Your bite misses the gnoll.
The gnoll is heavily wounded.
The gnoll closely misses you. The gnoll hits you with a +0 whip!
* * * LOW HITPOINT WARNING * * *
You barely miss the gnoll. You bite the gnoll. You drain its power.
You feel invigorated.
The gnoll is heavily wounded.
The gnoll closely misses you. You block the gnoll's attack.
You barely miss the gnoll.
The gnoll is heavily wounded.
The gnoll hits you with a +0 flail!
* * * LOW HITPOINT WARNING * * *
The gnoll hits you with a +0 whip.
You die...

.# .# #.##.#
.....#
########)....#.
#..............
#.......(......
#.....g.......#
#....@).)....#
#.......g........
..............###
...............#
..........#.##.#
..........#.# #
........!.#.#
#...#.....#.#


You could see 2 gnolls.

Vanquished Creatures
  A hornet zombie (D:4)
  A black bear (D:4)
  An ogre (D:4)
  A phantom (D:4)
  A water moccasin skeleton (D:5)
  A howler monkey (D:4)
  A jelly (D:5)
  A bullfrog skeleton (D:5)
  An orc priest (D:4)
  A gnoll shaman (D:3)
  A hound skeleton (D:4)
  Robin (D:2)
  6 gnolls
  5 adders
  2 dart slugs
  11 orcs
  7 endoplasms
  5 giant cockroaches
  12 goblins
  9 hobgoblins
  2 jackals
  4 quokkas
  7 ball pythons
  3 bats
  3 frilled lizards
  4 kobolds
  5 rats
97 creatures vanquished.

Vanquished Creatures (others)
  5 plants (D:2)
5 creatures vanquished.

Grand Total: 102 creatures vanquished

Notes
Turn   | Place    | Note
-------+----------+-------------------------------------------
     0 | D:1      | freelancePsychic the Vine Stalker Fighter began the quest
                  | for the Orb.
     0 | D:1      | Reached XP level 1. HP: 11/11 MP: 2/2
    89 | D:1      | Reached skill level 2 in Short Blades
   132 | D:1      | Reached XP level 2. HP: 14/16 MP: 3/3
   941 | D:2      | Reached XP level 3. HP: 20/20 MP: 4/4
  1013 | D:2      | Noticed Terence
  1116 | D:2      | Noticed Robin
  1223 | D:2      | Reached skill level 3 in Short Blades
  1555 | D:2      | Killed Robin
  1626 | D:2      | Gained mutation: Your natural rate of healing is unusually
                  | fast. [Vine Stalker growth]
  1626 | D:2      | Reached XP level 4. HP: 24/24 MP: 5/5
  1954 | D:2      | Found a faded altar of an unknown god.
  2004 | D:2      | Noticed Terence
  2004 | D:2      | Terence changed into Terence the jackal
  2007 | D:2      | Killed Terence the jackal
  2128 | D:3      | Found a stormy altar of Qazlal.
  2506 | D:3      | Found a runed translucent door.
  2507 | D:3      | Noticed Crazy Yiuf
  2584 | D:3      | Reached XP level 5. HP: 22/28 MP: 6/6
  2741 | D:4      | Noticed a phantom
  2772 | D:4      | Reached skill level 4 in Short Blades
  2826 | D:4      | Noticed a black bear
  2840 | D:3      | Identified a scroll of acquirement
  2840 | D:3      | Acquired 1314 gold pieces
  2896 | D:4      | Killed a black bear
  2897 | D:4      | Reached XP level 6. HP: 27/33 MP: 7/7
  3038 | D:4      | Reached skill level 5 in Short Blades
  3038 | D:4      | Reached XP level 7. HP: 37/37 MP: 8/8
  3269 | D:4      | Found a snail-covered altar of Cheibriados.
  3302 | D:4      | Became a worshipper of Cheibriados the Contemplative
  3523 | D:5      | Entered Level 5 of the Dungeon
  3554 | D:5      | Found an opulent altar of Gozag.
  3582 | D:5      | Found a shimmering blue altar of Sif Muna.
  3716 | D:5      | HP: 1/38 [gnoll (7)]
  3716 | D:5      | Slain by a gnoll

Illustrated notes

Levels and vault maps discovered:
D:1:      wheals_arrival_shading, layout_loops_ring,
          hangedman_abyss_or_decor_lesser_grid, chequers_avenue
D:2:      layout_loops_cross, dilly_ecumenical_altar_fadedgnrine, uniq_terence,
          uniq_robin
D:3:      layout_rooms, tgw_xom, grunt_qazlal_clouds, kennysheep_generic_room_8,
          uniq_crazy_yiuf_cottage
D:4:      layout_rooms, mainiacjoe_overflow_alcove_4
D:5:      layout_rooms, jmf_multi_god_temple, minmay_temple_entry_butterflies,
          enter_ossuary_1, nzn_random_ring

Skill      XL: |  1  2  3  4  5  6 |
---------------+-------------------+-----
Short Blades   | 2 3 4 5 |  5.9
Fighting       | 3 4 |  4.7
Armour         | 3 |  3.9
Shields        | |  2.6

Action                   |  1- 3 |  4- 6 |  7- 9 || total
-------------------------+-------+-------+-------++-------
Melee: Rapier            |    89 |       |       ||    89
       Bite              |    28 |    56 |    33 ||   117
       Dagger            |     2 |   184 |    89 ||   275
Evoke: Wand              |       |     3 |       ||     3
  Use: Scroll            |     2 |     5 |     1 ||     8
Armor: Scale mail        |    41 |       |       ||    41
       Chain mail        |     1 |    83 |    23 ||   107
       Skin              |       |       |     1 ||     1
Dodge: Dodged            |    41 |    58 |    30 ||   129
Block: Buckler           |    33 |    44 |    12 ||    89

Table legend: (Time is in decaauts)
 A = Elapsed time spent in this place.
 B = Non-inter-level travel time spent in this place.
 C = Inter-level travel time spent in this place.
 D = Time resting spent in this place.
 E = Time spent auto-exploring this place.
 F = Levels seen in this place.
 G = Mean time per level.
                   A        B        C        D        E       F      G
               +--------+--------+--------+--------+--------+-----+--------+
         Total |   3755 |   3502 |    253 |    526 |   2080 |   5 |  751.0 |
       Dungeon |   3755 |   3502 |    253 |    526 |   2080 |   5 |  751.0 |
               +--------+--------+--------+--------+--------+-----+--------+

Top non-repeatable levels by time:
     D:1: 1259 daAuts
     D:4: 874 daAuts
     D:2: 828 daAuts
     D:3: 707 daAuts
     D:5: 86 daAuts
